[Event "Late-Titled-Tuesday-Blitz-March-19-2024"]
[Site "Chess.com"]
[Date "2024.03.19"]
[Round "4"]
[White "koncheto"]
[Black "RianKapriaga"]
[Result "1-0"]
[WhiteElo "2555"]
[BlackElo "2352"]
[TimeControl "180+1"]
[EndTime "14:36:25 PDT"]
[Termination "koncheto won by checkmate"]

1. e4 c6 2. d4 d5 3. Nc3 dxe4 4. Nxe4 Bf5 5. Ng3 Bg6 6. Nf3 Nd7 7. h4 h6 8. h5 Bh7 9. Bd3 Bxd3 10. Qxd3 e6 11.
Bd2 Ngf6 12. O-O-O Be7 13. Kb1 O-O 14. Qe2 Qb6 15. Ne5 Rad8 16. Ng6 Rfe8 17. Nxe7+ Rxe7 18. Nf5 Ree8 19. Nd6 Rf8 20. g4 c5 21. Nc4 Qa6 22.
g5 hxg5 23. h6 g4 24. hxg7 Kxg7 25. Rdg1 Rh8 26. Rxg4+ Nxg4 27. Qxg4+ Kf6 28. Qg5# 1-0

[Event "Late-Titled-Tuesday-Blitz-March-19-2024"]
[Site "Chess.com"]
[Date "2024.03.19"]
[Round "4"]
[White "Misterfox120"]
[Black "ukchessbomber"]
[Result "0-1"]
[WhiteElo "2453"]
[BlackElo "2641"]
[TimeControl "180+1"]
[EndTime "14:36:28 PDT"]
[Termination "ukchessbomber won by resignation"]

1. d4 c5 2. d5 f5 3. Bf4 g6 4. Nc3 Bg7 5. Qd2 d6 6. h4 a6 7. a4 h6 8. e3 Nf6 9. Bd3 Nbd7 10. Nge2 Ne5 11. Bxe5 dxe5 12. e4 c4 13. Bxc4 fxe4 14.
Ng3 Bf5 15. h5 Rc8 16. Qe2 Qa5 17. hxg6 Bxg6 18. O-O Qb4 19. Bb3 h5 20. Rfe1 h4 21. Ngxe4 h3 22. Nxf6+ Bxf6 23. Qg4 Qxg4 0-1

[Event "Late-Titled-Tuesday-Blitz-March-19-2024"]
[Site "Chess.com"]
[Date "2024.03.19"]
[Round "4"]
[White "ChessBrainiacOnTwitch"]
[Black "Rud_Makarian"]
[Result "0-1"]
[WhiteElo "2821"]
[BlackElo "3010"]
[TimeControl "180+1"]
[EndTime "14:36:31 PDT"]
[Termination "Rud_Makarian won by resignation"]

1. e4 c5 2. Nf3 d6 3. d4 cxd4 4.
Nxd4 Nf6 5. Nc3 a6 6. h4 e5 7. Nb3 Be6 8. f4 Nc6 9. f5 Bxb3 10. axb3 h5 11. Bg5 Be7 12. Be2 Nd4 13. O-O Ng4 14. Bxg4 Bxg5 15. hxg5 hxg4 16. Qxg4 Nxc2 17. Nd5 Nxa1 18.
g6 f6 19. Rxa1 Rc8 20. Qe2 Rc5 21. b4 Rxd5 0-1

[Event "Late-Titled-Tuesday-Blitz-March-19-2024"]
[Site "Chess.com"]
[Date "2024.03.19"]
[Round "4"]
[White "SergioMoralesG"]
[Black "Rodalquilar"]
[Result "0-1"]
[WhiteElo "2474"]
[BlackElo "2764"]
[TimeControl "180+1"]
[EndTime "14:36:37 PDT"]
[Termination "Rodalquilar won on time"]

1. d4 d5 2. c4 e6 3. Nf3 Nf6 4. Nc3 a6 5. cxd5 exd5 6. Bg5 Be6 7. e3 Nbd7 8. Bd3 Bd6 9. h3 c6 10. Bf4 Qc7 11. Qd2 h6 12. O-O g5 13. Bxd6 Qxd6 14.
e4 dxe4 15. Nxe4 Nxe4 16. Bxe4 O-O-O 17. Qc3 Kb8 18. Ne5 Nxe5 19. dxe5 Qd4 20. Rfe1 Qxc3 21. bxc3 Rd2 22. a4 a5 23. Rab1 Kc7 24. Bf3 Rhd8 25. Bg4 Ra2 26. Bxe6 fxe6 27. Re4 Rdd2 28. Rf1 Re2 29.
Rg4 Rxe5 30. h4 Rf5 31. f4 Rxa4 0-1

[Event "Late-Titled-Tuesday-Blitz-March-19-2024"]
[Site "Chess.com"]
[Date "2024.03.19"]
[Round "4"]
[White "Stanbad1"]
[Black "Tugrik1969"]
[Result "1-0"]
[WhiteElo "2579"]
[BlackElo "2396"]
[TimeControl "180+1"]
[EndTime "14:36:41 PDT"]
[Termination "Stanbad1 won by checkmate"]

1. d4 d5 2. Nc3 Nf6 3. Bf4 a6 4. e3 b5 5. Nf3 Bb7 6. a4 b4 7. Nb1 c5 8. Nbd2 e6 9. dxc5 Bxc5 10. Bd3 O-O 11. O-O Nc6 12. e4 dxe4 13. Nxe4 Nxe4 14. Bxe4 Qxd1 15. Rfxd1 f5 16. Bd3 Na5 17. Ng5 Bd5 18.
Bc7 Nc4 19. Bxc4 Bxc4 20. Bd6 Rfc8 21. Bxc5 Rxc5 22. Rd6 Re8 23. Re1 h5 24. g3 Bd5 25.
f4 a5 26. Re2 Rec8 27. h3 Rxc2 28. Rxc2 Rxc2 29. Rd8# 1-0

[Event "Late-Titled-Tuesday-Blitz-March-19-2024"]
[Site "Chess.com"]
[Date "2024.03.19"]
[Round "4"]
[White "PolandHussars"]
[Black "Supergiuly"]
[Result "1-0"]
[WhiteElo "2553"]
[BlackElo "2346"]
[TimeControl "180+1"]
[EndTime "14:36:41 PDT"]
[Termination "PolandHussars won by resignation"]

1. e4 b6 2. g3 Bb7 3. Bg2 f5 4. d3 Nf6 5. Nc3 e5 6. Nge2 Bb4 7. O-O fxe4 8. Nxe4 Nxe4 9. dxe4 O-O 10. Be3 Nc6 11. Qd3 Kh8 12. Rad1 d6 13. c3 Bc5 14. Bxc5 bxc5 15.
Qe3 Qe7 16. f3 Rab8 17. Nc1 Ba6 18. Rf2 Qe6 19. Bf1 Bxf1 20. Rdxf1 Na5 21. b3 Nc6 22.
Kg2 a5 23. Qd3 a4 24. Qd5 Qxd5 25. exd5 Ne7 26. c4 axb3 27. axb3 Nf5 28. Re2 Nd4 29. Re3 Rb4 30. f4 exf4 31. Rxf4 Rfb8 32. Rf7 Kg8 33. Ree7 Nxb3 34. Rxg7+ Kf8 35. Ref7+ Ke8 36. Rxc7 Kd8 37. Rgd7+ Ke8 38. Rxh7 Kd8 39. Rcg7 1-0

[Event "Late-Titled-Tuesday-Blitz-March-19-2024"]
[Site "Chess.com"]
[Date "2024.03.19"]
[Round "4"]
[White "VanRommel28"]
[Black "BrandonJiang123456"]
[Result "1-0"]
[WhiteElo "2503"]
[BlackElo "2159"]
[TimeControl "180+1"]
[EndTime "14:36:52 PDT"]
[Termination "VanRommel28 won by resignation"]

1. e4 e5 2. Nf3 Nc6 3. Bb5 f5 4. d3 fxe4 5. dxe4 Nf6 6. Nc3 Bb4 7. O-O Bxc3 8. bxc3 d6 9. Bc4 Qe7 10. Rb1 Nd8 11.
Re1 Be6 12. Bxe6 Qxe6 13. Qd3 Qxa2 14. Bg5 Qe6 15. c4 b6 16. Nh4 O-O 17. Nf5 g6 18. Ne3 Nb7 19. f3 Rf7 20. Qa3 a5 21. Bxf6 Rxf6 22. Nd5 Rf7 23. Qa4 Qd7 24. Qxd7 Rxd7 25. Nf6+ Kf8 26. Nxd7+ Ke7 27. Nxb6 cxb6 28. Rxb6 Nc5 29.
Rd1 a4 30. Rbxd6 a3 31. R6d5 Na4 32. Ra1 Nc3 33. Rxe5+ Kf6 34. Rc5 a2 35. Kf2 Rb8 36. Ra5 Rb2 37. Ke3 Rb1 38. R5xa2 Nxa2 39. Rxb1 1-0

[Event "Late-Titled-Tuesday-Blitz-March-19-2024"]
[Site "Chess.com"]
[Date "2024.03.19"]
[Round "4"]
[White "MikaelyanArman"]
[Black "m_ezat"]
[Result "1-0"]
[WhiteElo "2844"]
[BlackElo "2603"]
[TimeControl "180+1"]
[EndTime "14:36:53 PDT"]
[Termination "MikaelyanArman won by resignation"]

1. Nf3 Nf6 2. e3 g6 3. b3 Bg7 4.
Bb2 O-O 5. Be2 d6 6. d4 e5 7. dxe5 Nfd7 8. c4 Nc6 9. Nc3 Ndxe5 10. Nxe5 Nxe5 11. O-O Re8 12. Qd2 a5 13. Rad1 Bd7 14. c5 Bf8 15. cxd6 Bxd6 16. Ne4 Bb4 17.
Qd4 c5 18. Qd5 Ng4 19. Bxg4 Bxg4 20. Nf6+ Qxf6 21. Bxf6 Bxd1 22. Rxd1 a4 23. bxa4 Rxa4 24. h4 Ra6 25. Qg5 h6 26. Qf4 Kh7 27. Rd7 Rf8 28. Be7 1-0

[Event "Late-Titled-Tuesday-Blitz-March-19-2024"]
[Site "Chess.com"]
[Date "2024.03.19"]
[Round "4"]
[White "SoltaniciR"]
[Black "AryanTari"]
[Result "0-1"]
[WhiteElo "2633"]
[BlackElo "3013"]
[TimeControl "180+1"]
[EndTime "14:36:55 PDT"]
[Termination "AryanTari won on time"]

1. e4 e5 2. d4 exd4 3. Qxd4 Nc6 4. Qe3 Nf6 5. Nc3 Bb4 6. Bd2 O-O 7. O-O-O Re8 8. Bc4 Ne5 9. Bb3 a5 10. a3 Bxc3 11.
Bxc3 d6 12. f3 b5 13. Ne2 b4 14. Bxe5 Rxe5 15. a4 Be6 16. Bxe6 fxe6 17. Ng3 Qe8 18. f4 Rc5 19. Rhe1 Qxa4 20. b3 Qa2 21. Re2 a4 0-1

[Event "Late-Titled-Tuesday-Blitz-March-19-2024"]
[Site "Chess.com"]
[Date "2024.03.19"]
[Round "4"]
[White "HanSchut"]
[Black "SameerMujumdar"]
[Result "1/2-1/2"]
[WhiteElo "2322"]
[BlackElo "2524"]
[TimeControl "180+1"]
[EndTime "14:36:56 PDT"]
[Termination "Game drawn by repetition"]

1. e4 c6 2. d4 d5 3. e5 Bf5 4.
h4 h5 5. Bg5 Qb6 6. Bd3 Bxd3 7.
Qxd3 Qa6 8. Qh3 e6 9. Nc3 Nh6 10.
Nge2 Nf5 11. O-O Nd7 12. a3 Be7 13. Rad1 Bxg5 14. hxg5 g6 15. Ng3 O-O-O 16. Nxf5 gxf5 17. Qe3 h4 18. f4 Qb6 19. b4 Qa6 20. Ra1 Nb6 21. Kf2 Nc4 22. Qd3 Qb6 23. Rfb1 h3 24.
g3 h2 25. Rh1 Rdg8 26. Kg2 Nb2 27. Qd2 Nc4 28. Qd3 Nb2 29. Qd2 Nc4 30. Qd3 1/2-1/2

[Event "Late-Titled-Tuesday-Blitz-March-19-2024"]
[Site "Chess.com"]
[Date "2024.03.19"]
[Round "4"]
[White "NikoTheodorou"]
[Black "MKlose11"]
[Result "1-0"]
[WhiteElo "3098"]
[BlackElo "2636"]
[TimeControl "180+1"]
[EndTime "14:36:59 PDT"]
[Termination "NikoTheodorou won by resignation"]

1. Nf3 Nf6 2. b3 g6 3. Bb2 Bg7 4. g3 O-O 5. Bg2 c5 6. c4 d6 7. d4 cxd4 8. Nxd4 Nc6 9. O-O Bd7 10. Nc3 Qa5 11. e3 Rfe8 12. Qd2 Qh5 13. f3 Bh3 14.
Rad1 Bxg2 15. Qxg2 Qa5 16. f4 Rac8 17. h3 a6 18. Nxc6 Rxc6 19. g4 Qc5 20. Qf3 b5 21.
g5 Nh5 22. cxb5 axb5 23. Ne4 Qb6 24. f5 Bxb2 25. fxg6 f6 26. Qxh5 Qxe3+ 27. Rf2 hxg6 28. Qxg6+ Kh8 29. Qxe8+ Kh7 30. Qxe7+ Kg6 31. Qe8+ Kg7 32. Qxc6 Bd4 33. Qd7+ Kg6 34. Qe8+ 1-0

[Event "Late-Titled-Tuesday-Blitz-March-19-2024"]
[Site "Chess.com"]
[Date "2024.03.19"]
[Round "4"]
[White "KuzubovYuriy"]
[Black "MagnusCarlsen"]
[Result "0-1"]
[WhiteElo "2903"]
[BlackElo "3259"]
[TimeControl "180+1"]
[EndTime "14:37:01 PDT"]
[Termination "MagnusCarlsen won by resignation"]

1. Nf3 Nc6 2. c4 e5 3. d4 exd4 4. Nxd4 Bc5 5. Nb3 Bb4+ 6. Bd2 a5 7. a3 Bxd2+ 8. Qxd2 a4 9. Nd4 Nf6 10. Nc3 Kf8 11. e3 h5 12. Be2 d6 13. O-O Nd7 14.
Nd5 Ne7 15. Nf4 Nc5 16. Nxh5 Nf5 17. h3 Qg5 18. f4 Qg6 19. Rae1 Rxh5 20. Bxh5 Qxh5 21.
e4 Ng3 22. Rf3 Ngxe4 23. Qc2 f5 24. Nb5 c6 25. Nc7 Rb8 26. g4 Qf7 27. gxf5 Bxf5 0-1

[Event "Late-Titled-Tuesday-Blitz-March-19-2024"]
[Site "Chess.com"]
[Date "2024.03.19"]
[Round "4"]
[White "hblanco"]
[Black "Kavyev_Ruslan"]
[Result "1-0"]
[WhiteElo "2695"]
[BlackElo "2460"]
[TimeControl "180+1"]
[EndTime "14:37:02 PDT"]
[Termination "hblanco won by resignation"]

1. e4 c5 2. Nf3 Nc6 3. Bb5 g6 4. Bxc6 bxc6 5. O-O f6 6. Re1 d6 7. h3 Nh6 8. c3 Nf7 9. d4 cxd4 10. cxd4 Bg7 11. Nc3 O-O 12. Be3 d5 13. Rc1 Bb7 14. Qb3 Qb6 15. Qa3 Rfe8 16. Na4 Qa6 17. Qb3 Rab8 18.
Nc5 Qb6 19. Qa3 Rbd8 20. Rc3 Ba8 21. Rb3 Qc7 22. Ne6 Qd7 23. Nxd8 Rxd8 24. exd5 Qxd5 25. Qxe7 f5 26. Qc5 Qd7 27. Ne5 Nxe5 28. dxe5 Bf8 29.
Qc4+ Qd5 30. Qxd5+ cxd5 31. Bd4 Re8 32. Rc1 Be7 33. Rc7 Bg5 34. Rxa7 1-0

[Event "Late-Titled-Tuesday-Blitz-March-19-2024"]
[Site "Chess.com"]
[Date "2024.03.19"]
[Round "4"]
[White "FairChess_on_YouTube"]
[Black "VitaliyBernadskiy"]
[Result "1-0"]
[WhiteElo "3154"]
[BlackElo "2882"]
[TimeControl "180+1"]
[EndTime "14:37:04 PDT"]
[Termination "FairChess_on_YouTube won by resignation"]

1. Nf3 d5 2. e3 Nf6 3. c4 e6 4. b3 a6 5. Bb2 c5 6. cxd5 exd5 7. Be2 Nc6 8. d4 cxd4 9. Nxd4 Bb4+ 10. Bc3 Qa5 11. Qd2 Nxd4 12. Qxd4 Bxc3+ 13. Nxc3 Be6 14. O-O O-O 15. Bf3 Rac8 16. Rfc1 h6 17. h3 Rc6 18.
Ne2 Rxc1+ 19. Rxc1 Qxa2 20. Qb6 Ne4 21. Qxb7 Qd2 22.
Bxe4 dxe4 23. Qxa6 Bxb3 24. Qa3 Bd1 25. Ng3 Bc2 26.
Qb2 Rc8 27. Nf5 Qc3 28. Qxc3 Rxc3 29. Nd4 1-0

[Event "Late-Titled-Tuesday-Blitz-March-19-2024"]
[Site "Chess.com"]
[Date "2024.03.19"]
[Round "4"]
[White "AlexeiShirov"]
[Black "Bastiandash"]
[Result "1-0"]
[WhiteElo "2837"]
[BlackElo "2602"]
[TimeControl "180+1"]
[EndTime "14:37:05 PDT"]
[Termination "AlexeiShirov won by resignation"]

1. e4 d5 2. exd5 Nf6 3. Nf3 Nxd5 4. d4 Bf5 5. Bd3 Bxd3 6. Qxd3 c6 7. c4 Nf6 8. Nc3 e6 9. Bg5 Be7 10. O-O-O O-O 11.
h4 Nbd7 12. Kb1 Qa5 13. Rhe1 Rfe8 14. Ne5 Nxe5 15. dxe5 Rad8 16. Qg3 Nd7 17. Ne4 Kf8 18. Nd6 Bxd6 19. Bxd8 Bxe5 20. Bxa5 Bxg3 21. Rxd7 1-0

[Event "Late-Titled-Tuesday-Blitz-March-19-2024"]
[Site "Chess.com"]
[Date "2024.03.19"]
[Round "4"]
[White "M1711"]
[Black "Masterisback04"]
[Result "1-0"]
[WhiteElo "2645"]
[BlackElo "1940"]
[TimeControl "180+1"]
[EndTime "14:37:09 PDT"]
[Termination "M1711 won by resignation"]

1. e4 c5 2. Nf3 e6 3. d4 cxd4 4. Bg5 Qb6 5. Qxd4 Qxd4 6. Nxd4 a6 7. Nd2 Nf6 8. O-O-O Be7 9. e5 Nd5 10. Bxe7 Kxe7 11.
Nc4 Nc6 12. Nxc6+ bxc6 13. g3 a5 14. Nd6 Ba6 15. c4 Nb4 16. a3 Rhb8 17. axb4 Rxb4 18. Rd2 a4 19. Be2 Rab8 20. Rhd1 f6 21. f4 a3 22.
bxa3 Rb3 23. Rd3 Rb2 24. R1d2 Rb1+ 25. Kc2 R8b2+ 26. Kc3 c5 27. Rxb2 1-0

[Event "Late-Titled-Tuesday-Blitz-March-19-2024"]
[Site "Chess.com"]
[Date "2024.03.19"]
[Round "4"]
[White "tomobeast"]
[Black "Gentlejimmy7"]
[Result "0-1"]
[WhiteElo "2235"]
[BlackElo "2653"]
[TimeControl "180+1"]
[EndTime "14:37:10 PDT"]
[Termination "Gentlejimmy7 won on time"]

1. e4 c6 2. d4 d5 3. exd5 cxd5 4.
c4 Nf6 5. Nc3 g6 6. cxd5 Bg7 7.
Qb3 O-O 8. Be2 Nbd7 9. Bf3 Nb6 10. Nge2 Bg4 11. Bxg4 Nxg4 12. a4 Nf6 13. Nf4 g5 14. a5 gxf4 15. axb6 f3 16. Rxa7 Rxa7 17. bxa7 Qa8 18.
Nb5 Rc8 19. Bf4 fxg2 20. Rg1 Nh5 21. Be5 Rc1+ 22. Kd2 Rxg1 23. Qf3 f6 24. Bb8 Bh6+ 25. Kd3 Nf4+ 26. Ke4 Re1+ 27. Kf5 g1=Q 28. Qh5 Nxh5 0-1

[Event "Late-Titled-Tuesday-Blitz-March-19-2024"]
[Site "Chess.com"]
[Date "2024.03.19"]
[Round "4"]
[White "Navyblue1"]
[Black "Piotrek1979"]
[Result "1-0"]
[WhiteElo "2218"]
[BlackElo "2475"]
[TimeControl "180+1"]
[EndTime "14:37:11 PDT"]
[Termination "Navyblue1 won by resignation"]

1. d4 Nf6 2. c4 e6 3. Nf3 d5 4. cxd5 exd5 5. Nc3 c6 6. Bg5 h6 7.
Bh4 Bf5 8. e3 Nbd7 9. Bd3 Bxd3 10. Qxd3 Be7 11. O-O O-O 12. Rab1 a5 13. a3 Ne4 14.
Bxe7 Qxe7 15. Nd2 Nd6 16. Rfe1 Nf6 17. f3 Rfe8 18. e4 dxe4 19. fxe4 Nc8 20. Rf1 Nd7 21. Rf3 a4 22. Rbf1 Rf8 23. Rg3 b5 24. Qe3 Qd6 25. e5 Qe6 26. Nde4 f5 27. exf6 Rf7 28. Qxh6 1-0

[Event "Late-Titled-Tuesday-Blitz-March-19-2024"]
[Site "Chess.com"]
[Date "2024.03.19"]
[Round "4"]
[White "Meri-Arabidze"]
[Black "whitemirrorninja"]
[Result "1-0"]
[WhiteElo "2670"]
[BlackElo "2445"]
[TimeControl "180+1"]
[EndTime "14:37:14 PDT"]
[Termination "Meri-Arabidze won by checkmate"]

1. d4 Nf6 2. c4 b6 3. Nf3 Bb7 4. Nc3 Ne4 5. Bd2 e6 6. g3 Nxd2 7. Qxd2 Bxf3 8. exf3 c6 9. d5 Na6 10. Bg2 cxd5 11. cxd5 Rc8 12. O-O Nc5 13. f4 Be7 14. d6 Bf6 15. Nb5 a6 16. Nc7+ Rxc7 17. dxc7 Qxc7 18.
Rac1 a5 19. b3 O-O 20. Rfd1 d5 21. f5 h6 22. fxe6 fxe6 23. Qe2 Qf7 24. f4 g5 25.
Bh3 Kh8 26. fxg5 Bxg5 27. Rf1 Qg7 28. Rxf8+ Qxf8 29. Rf1 Qg7 30. Bxe6 d4 31. Bc4 Be3+ 32. Kg2 Qe5 33. Rf8+ Kg7 34. Rf7+ Kg6 35. Qg4+ Bg5 36. h4 d3 37. h5# 1-0

[Event "Late-Titled-Tuesday-Blitz-March-19-2024"]
[Site "Chess.com"]
[Date "2024.03.19"]
[Round "4"]
[White "uzkuzk"]
[Black "Korchmar_Vasiliy"]
[Result "0-1"]
[WhiteElo "2498"]
[BlackElo "2701"]
[TimeControl "180+1"]
[EndTime "14:37:15 PDT"]
[Termination "Korchmar_Vasiliy won by checkmate"]

1. e4 c5 2. Nf3 d6 3. d4 cxd4 4. Nxd4 Nf6 5. Nc3 Nc6 6. Bc4 Qb6 7. Nde2 e6 8. Bb3 Be7 9. O-O a6 10. Be3 Qc7 11. Nd4 Na5 12. f4 O-O 13. Qe2 b5 14. f5 e5 15. Nf3 Nxb3 16. axb3 Bb7 17. Bg5 b4 18. Bxf6 Bxf6 19. Nd1 d5 20. exd5 Bxd5 21.
Ne3 Bc6 22. Ng4 Bb5 23. Nxf6+ gxf6 24. Qf2 Bxf1 25. Rxf1 Qa7 26. Nd2 Rfc8 27. Ne4 Rxc2 28. Nxf6+ Kg7 29. Nh5+ Kf8 30. Qxa7 Rxa7 31. f6 Rd7 32. h3 Rdd2 33. Ra1 Rxg2+ 34. Kf1 Rcf2+ 35.
Ke1 Rxb2 36. Kf1 Rbf2+ 37. Ke1 Rg1+ 38. Kxf2 Rxa1 39. Ke3 Ra3 40. Ke4 Rxb3 41. Kxe5 Rxh3 42. Nf4 Re3+ 43. Kd4 Re8 44. Kc4 Re4+ 45. Kb3 Rxf4 46. Ka4 h5 47. Ka5 h4 48. Kxa6 b3 49. Ka5 b2 50. Kb5 b1=Q+ 51. Kc5 Qc2+ 52. Kd5 Qd3+ 53. Kc6 Rc4+ 54. Kb5 Qb3+ 55. Ka5 Ra4# 0-1

[Event "Late-Titled-Tuesday-Blitz-March-19-2024"]
[Site "Chess.com"]
[Date "2024.03.19"]
[Round "4"]
[White "CuteSheepCloud"]
[Black "Heliosis11"]
[Result "1-0"]
[WhiteElo "2655"]
[BlackElo "2250"]
[TimeControl "180+1"]
[EndTime "14:37:15 PDT"]
[Termination "CuteSheepCloud won on time"]

1. e4 c5 2. Nf3 e6 3. c3 Nf6 4. d3 Nc6 5. Be2 Qc7 6. Nbd2 d5 7. O-O Be7 8. Re1 O-O 9. exd5 exd5 10. Nf1 Re8 11. Ng3 Be6 12. d4 cxd4 13. cxd4 Bb4 14. Bd2 Bxd2 15. Qxd2 Rad8 16. Rac1 Qb6 17. Bd3 h6 18.
Bb1 Bg4 19. Ne5 Nxe5 20. dxe5 Nd7 21. Qxd5 Qxb2 22. Qe4 f5 23. Nxf5 Bxf5 24. Qxf5 Nf8 25. h3 Rd5 26. f4 Rd2 27. Be4 Qd4+ 28. Kh1 Qf2 29. Rg1 Red8 30. e6 1-0

[Event "Late-Titled-Tuesday-Blitz-March-19-2024"]
[Site "Chess.com"]
[Date "2024.03.19"]
[Round "4"]
[White "Inepton_Fermion"]
[Black "SRob2003"]
[Result "1-0"]
[WhiteElo "2474"]
[BlackElo "2668"]
[TimeControl "180+1"]
[EndTime "14:37:16 PDT"]
[Termination "Inepton_Fermion won by resignation"]

1. Nf3 d5 2. g3 Bg4 3. d4 Bxf3 4.
exf3 c5 5. dxc5 Nf6 6. Bg2 e6 7.
Be3 Nc6 8. c3 a5 9. O-O Nd7 10. f4 Bxc5 11. Nd2 Bxe3 12. fxe3 Qb6 13. Qe2 O-O 14. Rab1 Nf6 15. Kh1 Ne7 16. e4 dxe4 17. Nxe4 Nfd5 18. c4 Ne3 19. c5 Qb4 20. Qxe3 Nf5 21.
Qc3 Qb5 22. Nd6 Nxd6 23. cxd6 Rfd8 24. Rbd1 Rac8 25. Qd4 Rd7 26. b3 Rcd8 27. Qe5 Qb6 28. f5 exf5 29. Qxf5 g6 30. Qf6 Qb4 31. Bd5 Rf8 32.
Rd4 Qb5 33. Bg2 Qc5 34. h4 b5 35. Re1 Qc3 36. Re7 Rdd8 37. Kh2 Qb2 38. d7 b4 39. Kh3 Qa1 40. Bd5 Qf1+ 41. Qxf1 1-0

[Event "Late-Titled-Tuesday-Blitz-March-19-2024"]
[Site "Chess.com"]
[Date "2024.03.19"]
[Round "4"]
[White "GiorgianBarbosa"]
[Black "Legendinunknown"]
[Result "0-1"]
[WhiteElo "2529"]
[BlackElo "2826"]
[TimeControl "180+1"]
[EndTime "14:37:20 PDT"]
[Termination "Legendinunknown won by checkmate"]

1. b3 d5 2. Bb2 Bg4 3. h3 Bh5 4.
g4 Bg6 5. Bg2 e6 6. d3 Nd7 7. Nd2 h5 8. e3 Ne7 9. Qe2 f6 10.
O-O-O c6 11. f4 Bf7 12. Ngf3 Qa5 13. Kb1 O-O-O 14. g5 Kb8 15. e4 Nc8 16. f5 e5 17. g6 Bg8 18. c4 Ba3 19. cxd5 Bxb2 20. dxc6 Nc5 21. cxb7 Nb6 22. Kxb2 Nxd3+ 23. Kb1 Qc3 24.
Nf1 Bxb3 25. axb3 Qxb3+ 26. Ka1 Qc3+ 27. Kb1 Nc4 28. Ne1 Qb3+ 29. Ka1 Rd6 30. Rd2 Qc3+ 31. Kb1 Rb6+ 32. Rb2 Rxb2+ 33. Qxb2 Qxb2# 0-1

[Event "Late-Titled-Tuesday-Blitz-March-19-2024"]
[Site "Chess.com"]
[Date "2024.03.19"]
[Round "4"]
[White "gorgeous1083"]
[Black "Supelyel"]
[Result "0-1"]
[WhiteElo "2062"]
[BlackElo "2392"]
[TimeControl "180+1"]
[EndTime "14:37:24 PDT"]
[Termination "Supelyel won by resignation"]

1. d4 d6 2. c4 Nf6 3. Nc3 Nbd7 4.
Nf3 e5 5. dxe5 dxe5 6. e4 c6 7.
h3 Be7 8. Be3 O-O 9. Be2 Qc7 10.
O-O Re8 11. Qc2 a5 12. b3 Nc5 13. Rfd1 h6 14. Nd2 Ne6 15. a3 Nd4 16. Qb2 c5 17.
Nd5 Nxe2+ 18. Kf1 Nxd5 19. cxd5 Nd4 20. Rac1 Bd6 21. b4 axb4 22. axb4 b6 23. Nc4 Ba6 24.
Bxd4 Bxc4+ 25. Rxc4 exd4 26. Rdxd4 Be5 27. bxc5 Bxd4 28.
Qxd4 bxc5 29. Rxc5 Qh2 30. Rc3 Qe5 31. Qxe5 Rxe5 32. f3 f5 33. d6 Rd8 0-1

[Event "Late-Titled-Tuesday-Blitz-March-19-2024"]
[Site "Chess.com"]
[Date "2024.03.19"]
[Round "4"]
[White "Boorchess"]
[Black "Charodej1"]
[Result "0-1"]
[WhiteElo "2550"]
[BlackElo "2379"]
[TimeControl "180+1"]
[EndTime "14:37:28 PDT"]
[Termination "Charodej1 won by resignation"]

1. d4 Nf6 2. c4 e6 3. g3 d5 4. Bg2 Be7 5. Nf3 O-O 6. O-O dxc4 7. Qc2 a6 8. a4 Nc6 9. Qxc4 Bd7 10. Nc3 b5 11.
axb5 axb5 12. Rxa8 bxc4 13. Rxd8 Rxd8 14. Ne5 Nxd4 15.
Rd1 Be8 16. Nxc4 Nxe2+ 17. Kf1 Rxd1+ 18. Nxd1 Nxc1 19. Ke1 Nd3+ 20. Kd2 Nb4 21. Nde3 Nbd5 22. Nxd5 exd5 23. Ne5 Bd6 24. f4 Bxe5 25. fxe5 Ne4+ 26. Ke3 Bc6 27. Kd4 Kf8 28. b4 Ke7 29. b5 Bxb5 30.
Kxd5 Ng5 31. Kc5 c6 32. h4 Ne6+ 33. Kb4 Nd4 34. Bh3 Nf3 35. e6 fxe6 36. Kc5 Ne5 37. Kd4 Kd6 38. Bg2 c5+ 39. Kc3 h6 40. Bf1 Bxf1 0-1

[Event "Late-Titled-Tuesday-Blitz-March-19-2024"]
[Site "Chess.com"]
[Date "2024.03.19"]
[Round "4"]
[White "yosephtaher"]
[Black "Szparu"]
[Result "1-0"]
[WhiteElo "2963"]
[BlackElo "2797"]
[TimeControl "180+1"]
[EndTime "14:37:30 PDT"]
[Termination "yosephtaher won by resignation"]

1. e4 c5 2. Nc3 Nc6 3. f4 e6 4.
Nf3 d5 5. Bb5 Nf6 6. Bxc6+ bxc6 7. e5 Ng8 8. d3 h5 9. O-O Nh6 10. Qe1 Nf5 11. Na4 c4 12. dxc4 Ba6 13. b3 dxc4 14. Rf2 Be7 15. Be3 Qd5 16. Rd1 Qe4 17. Bc5 Qxe1+ 18. Rxe1 Bd8 19. Rd1 Ba5 20. b4 Bc7 21. Rfd2 Bc8 22. Nc3 a6 23. a4 Rb8 24.
a5 Rh6 25. Ne4 Rg6 26. c3 f6 27. Nd6+ Bxd6 28. Bxd6 Rb7 29. Bc5 Rd7 30. Rxd7 Bxd7 31. Nd2 Rg4 32. Nxc4 Bc8 33. Nb6 Bb7 34. Rd7 Rxf4 35.
Rxb7 fxe5 36. Rc7 e4 37. Rxc6 Kf7 38. Nc4 Rg4 39. Ne5+ 1-0

[Event "Late-Titled-Tuesday-Blitz-March-19-2024"]
[Site "Chess.com"]
[Date "2024.03.19"]
[Round "4"]
[White "Baronessa08"]
[Black "kingofthenil"]
[Result "0-1"]
[WhiteElo "2583"]
[BlackElo "2771"]
[TimeControl "180+1"]
[EndTime "14:37:30 PDT"]
[Termination "kingofthenil won by resignation"]

1. d4 Nf6 2. c4 e6 3. Nc3 Bb4 4. a3 Bxc3+ 5. bxc3 Nc6 6. f3 b6 7. e4 d6 8. Ne2 Na5 9. Ng3 Qd7 10. Bg5 Ba6 11. c5 Bxf1 12. Nxf1 dxc5 13. dxc5 Qxd1+ 14. Rxd1 Nd7 15. cxb6 axb6 16. Nd2 Ne5 17. O-O Nac6 18. f4 Nd3 19. Nc4 Nc5 20. f5 Nxe4 21. Bf4 Nxc3 22.
Rde1 O-O-O 23. fxe6 fxe6 24. Rxe6 Nd4 25. Re7 Nd5 26.
Re4 Nc3 27. Re7 Nde2+ 28. Kh1 Nxf4 0-1

[Event "Late-Titled-Tuesday-Blitz-March-19-2024"]
[Site "Chess.com"]
[Date "2024.03.19"]
[Round "4"]
[White "marcodobrikov"]
[Black "secretsuperstar7"]
[Result "1-0"]
[WhiteElo "2703"]
[BlackElo "2498"]
[TimeControl "180+1"]
[EndTime "14:37:30 PDT"]
[Termination "marcodobrikov won on time"]

1. e3 e5 2. d3 d5 3. Ne2 Nf6 4. Nd2 Be7 5. Ng3 O-O 6. Nb3 c5 7. c3 Nc6 8. Be2 Be6 9. d4 c4 10. Nd2 exd4 11. exd4 Bd6 12. O-O Qc7 13. Nf3 Ne4 14. Be3 f5 15. Bc1 b5 16. Re1 Rad8 17. Nf1 b4 18. Ng5 Bc8 19. Nxe4 fxe4 20. Be3 bxc3 21.
bxc3 Ne7 22. Bg4 Bxg4 23. Qxg4 Rf6 24. Ng3 Rg6 25. Qe2 Qd7 26. Rab1 Nf5 27. Nxf5 Qxf5 28. Rb7 Qh3 29. g3 h5 30. Reb1 h4 31. Qh5 Qe6 32.
Qxh4 Rf8 33. Rxa7 Rg4 34. Qh5 1-0

[Event "Late-Titled-Tuesday-Blitz-March-19-2024"]
[Site "Chess.com"]
[Date "2024.03.19"]
[Round "4"]
[White "ChempionBg"]
[Black "stregachess"]
[Result "1/2-1/2"]
[WhiteElo "2337"]
[BlackElo "2019"]
[TimeControl "180+1"]
[EndTime "14:37:33 PDT"]
[Termination "Game drawn by repetition"]

1. d4 Nf6 2. c4 e5 3. dxe5 Ne4 4. Nf3 Bb4+ 5. Nbd2 Nc6 6. a3 Bxd2+ 7. Bxd2 Nxd2 8. Qxd2 Qe7 9. Qd5 O-O 10. e3 Re8 11. Bd3 Nxe5 12. Nxe5 Qxe5 13. Qxe5 Rxe5 14. O-O a5 15. b4 d6 16. Rfe1 g6 17. f4 Re7 18.
e4 Bd7 19. Kf2 Kg7 20. Ke3 f5 21. Kd4 fxe4 22. Bxe4 axb4 23. axb4 Rxa1 24. Rxa1 b6 25. Ra7 c5+ 26. bxc5 dxc5+ 27. Kd3 Kf8 28. Rb7 Be6 29. Rxb6 Bxc4+ 30. Kxc4 Rxe4+ 31. Kxc5 Rxf4 32. Rb2 Re4 33. Kd5 Re1 34. g3 Kf7 35. Rf2+ Kg7 36. Kd6 h5 37. Kd5 Re3 38. Kd4 Re7 39. Kd3 Re1 40.
Ra2 Kh6 41. Kd2 Re5 42. Kd3 Re1 43. Ra5 Rh1 44. Ra2 Re1 1/2-1/2